[Event "*** Titled Tuesday Blitz"]
[Site "Chess.com"]
[Date "2020.10.27"]
[Round "3"]
[White "chessasuke"]
[Black "Anton_Demchenko"]
[Result "0-1"]
[WhiteElo "2566"]
[BlackElo "2848"]
[TimeControl "180+1"]
[EndTime "10:25:45 PDT"]
[Termination "Anton_Demchenko won by checkmate"]

1. e4 c6 2. d4 d5 3. Nc3 dxe4 4. Nxe4 Nf6 5. Nxf6+ exf6 6. h3 Bd6 7. Nf3 O-O 8. Be2 Re8 9. O-O Nd7 10. c3 Nf8 11.
Re1 Bc7 12. Bf1 Rxe1 13. Qxe1 Be6 14. Be3 Bd5 15. Nd2 Qd6 16. g3 Qd7 17. Bg2 Re8 18. Qf1 Bxg3 19. fxg3 Rxe3 20. Qf2 Qe6 21. Bxd5 cxd5 22.
Nf1 Re2 23. Qf3 Rxb2 24. a4 Qxh3 25. Re1 Ne6 26. Qxd5 h5 27. Qh1 Qf5 28. d5 Qf2# 0-1

[Event "*** Titled Tuesday Blitz"]
[Site "Chess.com"]
[Date "2020.10.27"]
[Round "3"]
[White "Agnes66678"]
[Black "rasmussvane"]
[Result "0-1"]
[WhiteElo "2466"]
[BlackElo "2874"]
[TimeControl "180+1"]
[EndTime "10:25:46 PDT"]
[Termination "rasmussvane won by resignation"]

1. e4 c6 2. d4 d5 3. Nc3 dxe4 4. Nxe4 Nf6 5. Nxf6+ exf6 6. Be3 Bd6 7. Bd3 O-O 8.
Qf3 Re8 9. Ne2 Na6 10. a3 Nc7 11. c4 Be6 12. Nf4 Bxf4 13. Qxf4 b5 14. b3 a5 15. O-O a4 16. cxb5 cxb5 17. b4 Bc4 18. Be4 Nd5 19. Bxd5 Qxd5 20. Rfe1 h6 21. Rac1 Rad8 22.
f3 Bd3 23. Rc5 Qa2 24. Rc3 Bc4 25. Qg3 Qb2 26. Rec1 Rxe3 0-1

[Event "*** Titled Tuesday Blitz"]
[Site "Chess.com"]
[Date "2020.10.27"]
[Round "3"]
[White "MustafayevFarid2004"]
[Black "amintabatabaei"]
[Result "0-1"]
[WhiteElo "2467"]
[BlackElo "2891"]
[TimeControl "180+1"]
[EndTime "10:25:49 PDT"]
[Termination "amintabatabaei won by resignation"]

1. d4 b6 2. c4 e6 3. Nf3 Bb7 4. Nc3 Nf6 5. Qc2 d5 6. cxd5 Nxd5 7. Bg5 Be7 8. Nxd5 exd5 9. Bxe7 Qxe7 10. e3 O-O 11. Bd3 g6 12. O-O c6 13. Rac1 Qd6 14.
Ne5 Nd7 15. f4 Rac8 16. Qa4 a5 17. Rc3 Nb8 18. f5 f6 19. Ng4 g5 20. Rfc1 Rfe8 21. Bb1 Re7 22. Nf2 Rce8 23. Qb3 b5 24. a4 b4 25. Rc5 Rxe3 26. Qd1 Nd7 27. Rxa5 Qc7 28. Rb5 Re1+ 29. Qxe1 Rxe1+ 30. Rxe1 cxb5 0-1

[Event "*** Titled Tuesday Blitz"]
[Site "Chess.com"]
[Date "2020.10.27"]
[Round "3"]
[White "MFBerna"]
[Black "MikeSailer"]
[Result "1-0"]
[WhiteElo "2367"]
[BlackElo "2135"]
[TimeControl "180+1"]
[EndTime "10:25:49 PDT"]
[Termination "MFBerna won by resignation"]

1. b3 d5 2. Bb2 Nf6 3. Nf3 Bf5 4. e3 e6 5. d4 Be7 6. Bd3 Bxd3 7. Qxd3 O-O 8. Nbd2 c5 9. O-O Nbd7 10. c4 dxc4 11. Nxc4 cxd4 12. Qxd4 Nc5 13. Rfd1 Qxd4 14. Nxd4 Rfd8 15.
f3 Nd5 16. Kf2 Rab8 17. Rac1 Bf6 18. Ke2 Kf8 19. g3 Ke7 20. Ba3 b6 21. Nc6+ Ke8 22. Nxb8 Rxb8 23. Nd6+ Ke7 24. Ne4 Rc8 25. Nxf6 Kxf6 26. b4 1-0

[Event "*** Titled Tuesday Blitz"]
[Site "Chess.com"]
[Date "2020.10.27"]
[Round "3"]
[White "RaunakSadhwani2005"]
[Black "nurgyulsalimova"]
[Result "1-0"]
[WhiteElo "2958"]
[BlackElo "2717"]
[TimeControl "180+1"]
[EndTime "10:25:50 PDT"]
[Termination "RaunakSadhwani2005 won by resignation"]

1. c4 e6 2. Nf3 d5 3. d4 Nf6 4. g3 Be7 5. Bg2 O-O 6. O-O dxc4 7. Qc2 b6 8. Bg5 Nd5 9. Bxe7 Qxe7 10. Nbd2 b5 11.
a4 c6 12. e4 Nb4 13. Qc3 Bb7 14. b3 c5 15. axb5 cxd4 16. Nxd4 cxb3 17. N2xb3 Rc8 18. Qd2 a6 19. Ra4 a5 20. Nxa5 Rc7 21. Rfa1 Nd7 22. Qxb4 Qxb4 23. Rxb4 Nb6 24. Rbb1 Rd7 25. Nac6 Rc8 26.
e5 Kf8 27. Ra7 1-0

[Event "*** Titled Tuesday Blitz"]
[Site "Chess.com"]
[Date "2020.10.27"]
[Round "3"]
[White "Lion-Al-Messi"]
[Black "HanSchut"]
[Result "1-0"]
[WhiteElo "2516"]
[BlackElo "2236"]
[TimeControl "180+1"]
[EndTime "10:25:52 PDT"]
[Termination "Lion-Al-Messi won by resignation"]

1. e4 c5 2. Nf3 d6 3. d4 cxd4 4. Nxd4 Nf6 5. Nc3 a6 6. Bg5 e6 7.
Qf3 Nbd7 8. Bc4 Ne5 9. Qe2 Nxc4 10.
Qxc4 b5 11. Qc6+ Bd7 12. Qb7 Be7 13. Nc6 Qc8 14. Qxc8+ Rxc8 15. Nxe7 Kxe7 16. f4 h6 17.
Bxf6+ Kxf6 18. O-O-O Ke7 19. e5 d5 20. f5 b4 21. Ne2 exf5 22. Rxd5 Be6 23. Rd6 g5 24.
Rhd1 f4 25. Nd4 Rhe8 26. Nc6+ Kf8 27. Nxb4 a5 28. Nd5 Bf5 29. c3 Rxe5 30. Rxh6 Kg7 31. Rd6 Re2 32. Rd2 Rce8 33. Nc7 Re1+ 34. Rd1 R8e2 35.
Rd2 Rxd1+ 36. Kxd1 Re3 37. h3 g4 38. hxg4 Bxg4+ 39. Kc2 Bf5+ 40. Kb3 Re7 41. Nd5 Be6 42. c4 Rb7+ 43.
Kc3 a4 44. Nxf4 1-0

[Event "*** Titled Tuesday Blitz"]
[Site "Chess.com"]
[Date "2020.10.27"]
[Round "3"]
[White "druskacik"]
[Black "Azerichess"]
[Result "0-1"]
[WhiteElo "2616"]
[BlackElo "2987"]
[TimeControl "180+1"]
[EndTime "10:25:58 PDT"]
[Termination "Azerichess won by resignation"]

1. e4 c6 2. d4 d5 3. exd5 cxd5 4. Bd3 Nc6 5. c3 Qc7 6. Ne2 Bg4 7. O-O e6 8. Qe1 Bd6 9. f3 Bh5 10. Qh4 Bg6 11. Bxg6 fxg6 12. Bf4 e5 13. dxe5 Nxe5 14. Nd4 Nf6 15. Nd2 O-O 16. N2b3 Rae8 17. Rad1 Nc4 18.
Bxd6 Qxd6 19. Rf2 Re7 20. Qg3 Qa6 21. a3 Rfe8 22. h4 Nh5 23. Qg5 Re5 24. Qc1 Qf6 25.
f4 Re3 26. f5 Qxh4 27. Nf3 Qg3 28. fxg6 hxg6 29. Nbd2 Nf4 0-1

[Event "*** Titled Tuesday Blitz"]
[Site "Chess.com"]
[Date "2020.10.27"]
[Round "3"]
[White "Zkid"]
[Black "SamuelGhimpu2003"]
[Result "1-0"]
[WhiteElo "2814"]
[BlackElo "2618"]
[TimeControl "180+1"]
[EndTime "10:26:04 PDT"]
[Termination "Zkid won by resignation"]

1. e4 e6 2. d4 d5 3. Nc3 Nf6 4.
Bg5 dxe4 5. Nxe4 Nbd7 6. Nf3 h6 7. Nxf6+ Nxf6 8. Be3 Bd6 9. Qd2 b6 10. Bb5+ Bd7 11.
Bd3 Bc6 12. Ne5 Bxe5 13. dxe5 Ng4 14. O-O-O Nxe5 15. Qc3 Qf6 16. Bd4 Nxd3+ 17. Rxd3 Qg5+ 18. f4 Qxg2 19. Rg1 Qe4 20. Bxg7 Rg8 21. b3 Bd5 22. Qxc7 Qb4 23. Rxd5 1-0

[Event "*** Titled Tuesday Blitz"]
[Site "Chess.com"]
[Date "2020.10.27"]
[Round "3"]
[White "akanga001"]
[Black "LuisFSiles"]
[Result "0-1"]
[WhiteElo "1891"]
[BlackElo "2290"]
[TimeControl "180+1"]
[EndTime "10:26:07 PDT"]
[Termination "LuisFSiles won by resignation"]

1. d4 Nf6 2. c4 g6 3. Nc3 Bg7 4. Nf3 O-O 5. e4 d6 6. Be2 c5 7. d5 e6 8. O-O Na6 9. Bf4 e5 10.
Bg5 h6 11. Bc1 Nh5 12. g3 Nf6 13. Re1 Nh7 14. Bf1 f5 15. Nd2 f4 16. Bg2 Ng5 17. h4 Nh3+ 18. Bxh3 Bxh3 19. Kh2 Qd7 20. Qe2 f3 21. Qe3 Bg2 22. Nxf3 Qh3+ 0-1

[Event "*** Titled Tuesday Blitz"]
[Site "Chess.com"]
[Date "2020.10.27"]
[Round "3"]
[White "manitodeplomo"]
[Black "WildTricks"]
[Result "1-0"]
[WhiteElo "2634"]
[BlackElo "2407"]
[TimeControl "180+1"]
[EndTime "10:26:08 PDT"]
[Termination "manitodeplomo won on time"]

1. d4 Nf6 2. c4 e6 3. Nf3 a6 4. Nc3 d5 5. e3 dxc4 6. Bxc4 b5 7.
Bb3 Bb7 8. O-O Nbd7 9. Re1 c5 10. e4 cxd4 11. Nxd4 Qb8 12. e5 Nxe5 13. Bf4 Bd6 14. Nxe6 fxe6 15. Qd4 Nfd7 16. Bxe6 Bxg2 17. Bxd7+ Kxd7 18. Kxg2 Qb7+ 19. Ne4 Nf7 20. Bxd6 Qc6 21. Rac1 1-0

[Event "*** Titled Tuesday Blitz"]
[Site "Chess.com"]
[Date "2020.10.27"]
[Round "3"]
[White "garfio2017"]
[Black "TST2014"]
[Result "0-1"]
[WhiteElo "2290"]
[BlackElo "2494"]
[TimeControl "180+1"]
[EndTime "10:26:13 PDT"]
[Termination "TST2014 won by resignation"]

1. e4 c5 2. g3 Nc6 3. Bg2 g6 4. d3 Bg7 5. c3 Nf6 6. Ne2 d5 7.
exd5 Nxd5 8. O-O O-O 9. Nf4 Nxf4 10. Bxf4 e5 11. Be3 Qd6 12. Na3 Bf5 13. Be4 Be6 14. Qe2 Rad8 15. Rfd1 b6 16. Nc4 Qc7 17. Bg5 f6 18. Be3 Rfe8 19. f4 b5 20. Na3 Qb6 21. Qg2 exf4 22. Bxc6 fxe3 23. Bxe8 Rxe8 24. Re1 Bh6 25.
Nc2 Bf5 26. Rad1 c4 27. d4 Bd3 28. Nb4 e2 29. Ra1 Be3+ 30. Kh1 Be4 31. Nd5 Bxg2+ 0-1

[Event "*** Titled Tuesday Blitz"]
[Site "Chess.com"]
[Date "2020.10.27"]
[Round "3"]
[White "MatyChess1"]
[Black "Bastiandash"]
[Result "1-0"]
[WhiteElo "2552"]
[BlackElo "2332"]
[TimeControl "180+1"]
[EndTime "10:26:18 PDT"]
[Termination "MatyChess1 won by resignation"]

1. e4 c6 2. Nf3 d5 3. Nc3 dxe4 4. Nxe4 Nf6 5. Qe2 Nxe4 6. Qxe4 Nd7 7. Bc4 Nf6 8. Ne5 e6 9. Qe2 Qc7 10. b3 b5 11. Bd3 Bb7 12. Bb2 a6 13. a4 Rd8 14.
O-O Bc5 15. Kh1 Bd4 16. Bxd4 Rxd4 17. f4 O-O 18. Rf3 c5 19. Rh3 Rxf4 20. Bxh7+ Nxh7 21. Qh5 Rd8 22. Qxh7+ Kf8 23. Qh8+ Ke7 24. Qxg7 Rf6 25. Nxf7 1-0

[Event "*** Titled Tuesday Blitz"]
[Site "Chess.com"]
[Date "2020.10.27"]
[Round "3"]
[White "pfalcon1949"]
[Black "AniJak"]
[Result "1-0"]
[WhiteElo "2006"]
[BlackElo "2288"]
[TimeControl "180+1"]
[EndTime "10:26:21 PDT"]
[Termination "pfalcon1949 won by resignation"]

1. c4 e5 2. Nc3 Nc6 3. g3 g6 4. Bg2 Bg7 5. e4 d6 6. Nge2 Nge7 7. O-O h5 8. h4 Bg4 9. f3 Be6 10.
d3 Qd7 11. Be3 Bh3 12. Qd2 Bxg2 13. Kxg2 Nd4 14. Rab1 f5 15. Nd5 c6 16. Nxe7 Qxe7 17.
Nxd4 exd4 18. Bg5 Qf7 19. exf5 O-O 20. fxg6 Qxg6 21. f4 Rf7 22. Rbe1 Raf8 23. Re2 Bf6 24. Re6 Qf5 25. Rxf6 Rxf6 26. Bxf6 Qxf6 27. Qe2 Rf7 28. Qxh5 Re7 29. Qg5+ Qxg5 30. fxg5 Re3 31. Rf3 Re2+ 32. Rf2 Re3 33. Rd2 Kg7 34. Kh3 Re1 35. Kg4 a6 36. h5 b5 37. b3 Re5 38. Rf2 Re3 39. h6+ Kh7 40. Rf7+ Kg8 41. g6 Re8 42. Rg7+ Kh8 43.
Rd7 bxc4 44. bxc4 d5 45. cxd5 cxd5 46. Rxd5 1-0

[Event "*** Titled Tuesday Blitz"]
[Site "Chess.com"]
[Date "2020.10.27"]
[Round "3"]
[White "gui_borba"]
[Black "Supernotar"]
[Result "0-1"]
[WhiteElo "2460"]
[BlackElo "2853"]
[TimeControl "180+1"]
[EndTime "10:26:23 PDT"]
[Termination "Supernotar won by resignation"]

1. e4 c6 2. d4 d5 3. e5 Bf5 4. h4 h5 5. Bd3 Bxd3 6. Qxd3 e6 7.
Bg5 Qa5+ 8. Nd2 Qa6 9. c4 Bb4 10. b3 Nd7 11. Ne2 Ne7 12. O-O Bxd2 13. Bxd2 dxc4 14.
bxc4 c5 15. Nf4 cxd4 16. Qxd4 Nf5 17. Qe4 Nc5 18. Qf3 Nxh4 19. Qe3 Qc6 20. Bb4 Rc8 21.
Bxc5 Qxc5 22. Qh3 Nf5 23. Nxh5 Kf8 24. Qg4 g6 25. Nf6 Kg7 26. Rfd1 Qxe5 27. Ne4 Qh2+ 28. Kf1 Rxc4 29. Ke2 Rc2+ 30. Kd3 Qc7 0-1

[Event "*** Titled Tuesday Blitz"]
[Site "Chess.com"]
[Date "2020.10.27"]
[Round "3"]
[White "larisakalinina"]
[Black "andrzej"]
[Result "0-1"]
[WhiteElo "1949"]
[BlackElo "2300"]
[TimeControl "180+1"]
[EndTime "10:26:26 PDT"]
[Termination "andrzej won on time"]

1. e4 c5 2. Nf3 e6 3. d4 cxd4 4. Nxd4 Nf6 5. Bd3 d6 6. O-O a6 7. c4 b6 8. Nc3 Bb7 9. Qe2 Nbd7 10. f4 g6 11. Nf3 Bg7 12. Bd2 O-O 13. Rae1 Qe7 14. Kh1 Rac8 15. h3 Rfe8 16. g4 Nc5 17. Bb1 Qc7 18. g5 Nh5 19. Qg2 Nd7 20. b3 b5 21. Rc1 bxc4 22. Na4 d5 23. exd5 exd5 24. Qg4 c3 0-1

[Event "*** Titled Tuesday Blitz"]
[Site "Chess.com"]
[Date "2020.10.27"]
[Round "3"]
[White "lelajavakhishvili"]
[Black "Kazmin_Dmitrij"]
[Result "1-0"]
[WhiteElo "2525"]
[BlackElo "2272"]
[TimeControl "180+1"]
[EndTime "10:26:28 PDT"]
[Termination "lelajavakhishvili won by resignation"]

1. d4 f5 2. Nc3 Nf6 3. Bg5 d5 4.
Bxf6 exf6 5. e3 Be6 6. Bd3 Bd6 7. Qf3 c6 8. Bxf5 Bxf5 9. Qxf5 O-O 10. Nge2 g6 11.
Qd3 b5 12. h4 b4 13. Nb1 f5 14.
Nd2 Nd7 15. h5 Nf6 16. hxg6 hxg6 17. O-O-O Kg7 18. f3 Qa5 19. Kb1 Rae8 20. Nb3 Qc7 21. Rde1 Qe7 22. Nec1 Bg3 23. Re2 Rh8 24. Rd1 Rh2 25.
Qa6 Qc7 26. Nd3 Nd7 27. Nxb4 Nb6 28. Nc5 Bf4 29. exf4 Rxe2 30. Qxe2 1-0

[Event "*** Titled Tuesday Blitz"]
[Site "Chess.com"]
[Date "2020.10.27"]
[Round "3"]
[White "TheMagnet"]
[Black "Lady_Nika"]
[Result "0-1"]
[WhiteElo "2573"]
[BlackElo "2420"]
[TimeControl "180+1"]
[EndTime "10:26:29 PDT"]
[Termination "Lady_Nika won by checkmate"]

1. d4 d5 2. c4 e6 3. Nc3 f5 4. Nf3 Nf6 5. e3 c6 6. Bd3 Bd6 7. O-O O-O 8. b3 Ne4 9. Ne2 Rf6 10. Bb2 Rh6 11. Ne5 Qh4 12. h3 Nd7 13. f3 Ng3 14. Nxg3 Qxg3 15. Qe1 Qg5 16. f4 Qe7 17. Rc1 Nxe5 18.
fxe5 Bb4 19. Bc3 Bxc3 20. Rxc3 Bd7 21. cxd5 cxd5 22. Rc7 Rb8 23. Bb5 Rd8 24. Rxb7 Rg6 25. Rf2 Qe8 26. Rxd7 Rxd7 27. Rc2 Qd8 28. Bxd7 Qxd7 29. Qa5 h5 30. Rc7 Qe8 31. Qc5 Kh7 32.
Rxa7 Rg3 33. Kh2 Qg6 34. Qc2 Rxe3 35. Qf2 Re4 36. Re7 f4 37. a4 Re3 38. h4 f3 39.
gxf3 Rc3 40. Qf1 Rc2+ 41. Kh1 Qg3 42. Rxe6 Qh2# 0-1

[Event "*** Titled Tuesday Blitz"]
[Site "Chess.com"]
[Date "2020.10.27"]
[Round "3"]
[White "svilson23"]
[Black "Kobalia"]
[Result "0-1"]
[WhiteElo "2387"]
[BlackElo "2760"]
[TimeControl "180+1"]
[EndTime "10:26:30 PDT"]
[Termination "Kobalia won by resignation"]

1. e4 c5 2. Nf3 e6 3. c3 Nf6 4. e5 Nd5 5. g3 d6 6. exd6 Bxd6 7.
Bg2 O-O 8. O-O Nc6 9. d4 cxd4 10.
Nxd4 Bd7 11. Nb5 Bc5 12. a4 a6 13. N5a3 Ne5 14. Qe2 Qc7 15. Nc2 Bc6 16. Nd2 Ba7 17. Nc4 Nxc4 18. Qxc4 Rac8 19. Nb4 Nxb4 20. Qxb4 Bxg2 21.
Kxg2 Qc6+ 22. Kg1 Rfd8 23. Bf4 Rd5 24. Rad1 e5 25. Rxd5 Qxd5 26. Bg5 f6 27. Bc1 Rd8 28.
b3 Qf3 29. c4 Bxf2+ 0-1

[Event "*** Titled Tuesday Blitz"]
[Site "Chess.com"]
[Date "2020.10.27"]
[Round "3"]
[White "bascheyaro"]
[Black "Mostii"]
[Result "1-0"]
[WhiteElo "2728"]
[BlackElo "2444"]
[TimeControl "180+1"]
[EndTime "10:26:30 PDT"]
[Termination "bascheyaro won by resignation"]

1. d4 e6 2. Nf3 Nf6 3. Bg5 Be7 4. e3 b6 5. Bd3 Bb7 6. O-O Ne4 7. Bxe7 Qxe7 8. Nbd2 Nxd2 9. Nxd2 O-O 10. f4 f5 11. e4 fxe4 12. Nxe4 Nc6 13. c3 Nd8 14. Qh5 g6 15. Qh3 Nf7 16. Rae1 Nd6 17. Ng5 Rf6 18. c4 Raf8 19. g3 Nf5 20. Bxf5 Rxf5 21. a3 h5 22. Qh4 Qd6 23. Rd1 Qc6 24. Rd2 Rxg5 25. Qxg5 Qh1+ 26. Kf2 Qg2+ 27. Ke1 Qe4+ 28. Re2 Qb1+ 29. Kf2 Qd3 30. Qe5 Bf3 31. Re3 1-0

[Event "*** Titled Tuesday Blitz"]
[Site "Chess.com"]
[Date "2020.10.27"]
[Round "3"]
[White "IngOscarArdila"]
[Black "anon102030"]
[Result "0-1"]
[WhiteElo "2174"]
[BlackElo "2759"]
[TimeControl "180+1"]
[EndTime "10:26:33 PDT"]
[Termination "anon102030 won by resignation"]

1. d4 Nf6 2. c4 e5 3. dxe5 Ng4 4.
Nf3 Nc6 5. e3 Ngxe5 6. Nxe5 Nxe5 7. Be2 g6 8. O-O Bg7 9. Nc3 d6 10. Bd2 Be6 11. b3 O-O 12. Rc1 f5 13. Nd5 Bf7 14. Bc3 Re8 15. Qd2 c6 16. Nf4 Qe7 17. Rcd1 Rad8 18. Qb2 g5 19. Nh5 Bxh5 20. Bxh5 Rf8 21.
Rd2 g4 22. f4 Nd7 23. Bxg7 Qxg7 24. Qxg7+ Kxg7 25. Rxd6 Nf6 26. Rfd1 Rxd6 27. Rxd6 Nxh5 28. Rd7+ Rf7 29. Rd8 Re7 30. h3 g3 31. Kf1 Rxe3 32.
Rd7+ Kg6 33. Rxb7 Nxf4 34. Rxa7 Re2 35. a4 Rf2+ 36. Ke1 Nxg2+ 37. Kd1 Ne3+ 38. Kc1 g2 0-1

[Event "*** Titled Tuesday Blitz"]
[Site "Chess.com"]
[Date "2020.10.27"]
[Round "3"]
[White "Gulkov_Igor"]
[Black "Keures"]
[Result "1-0"]
[WhiteElo "2463"]
[BlackElo "2230"]
[TimeControl "180+1"]
[EndTime "10:26:33 PDT"]
[Termination "Gulkov_Igor won by resignation"]

1. Nf3 Nf6 2. c4 e6 3. Nc3 d5 4. d4 Be7 5. Bg5 Ne4 6. Bxe7 Qxe7 7. e3 f5 8. Rc1 c6 9. Bd3 Nd7 10. O-O O-O 11. Qc2 Qf6 12. Ne2 g5 13. Ne1 g4 14. f3 gxf3 15. gxf3 Ng5 16. cxd5 exd5 17. Nf4 Kh8 18. Kh1 Re8 19. Qf2 Nf8 20. Neg2 Ng6 21.
Rce1 Bd7 22. Rg1 Re7 23. Nxg6+ hxg6 24. Nf4 Rh7 25. Qg3 Kg7 26. Qxg5 Qxg5 27. Rxg5 Be8 28.
Reg1 Bf7 29. Nxg6 1-0

[Event "*** Titled Tuesday Blitz"]
[Site "Chess.com"]
[Date "2020.10.27"]
[Round "3"]
[White "olksuna"]
[Black "ChessWarrior7197"]
[Result "0-1"]
[WhiteElo "2629"]
[BlackElo "2976"]
[TimeControl "180+1"]
[EndTime "10:26:36 PDT"]
[Termination "ChessWarrior7197 won by resignation"]

1. Nf3 d5 2. g3 Nd7 3. d4 Nb6 4. Bg2 Bf5 5. O-O e6 6. b3 h6 7. Bb2 Nf6 8. c4 c6 9. Nbd2 Be7 10. Ne5 O-O 11. e3 a5 12. a3 Nbd7 13. Nxd7 Qxd7 14. Qe2 Rfd8 15. Rac1 Qc7 16. h3 Bg6 17. Kh1 Qb6 18. f4 dxc4 19. Qxc4 Nd5 20. Rfe1 Bf6 21. g4 Rd7 22.
Ne4 Rad8 23. Nc5 Re7 24. Re2 Qa7 25. Rf1 b6 26. Ne4 c5 27. Nxf6+ Nxf6 28. dxc5 Bd3 29. Rd1 Bxc4 30. Rxd8+ Re8 31. Rxe8+ Nxe8 32. bxc4 bxc5 33. Bc3 Nd6 34. Rd2 Qb6 35. Be5 Nxc4 36. Rd7 Nxe5 37. fxe5 c4 38. Be4 g6 39. Rb7 Qxe3 0-1

[Event "*** Titled Tuesday Blitz"]
[Site "Chess.com"]
[Date "2020.10.27"]
[Round "3"]
[White "esapunov"]
[Black "Shield12"]
[Result "1-0"]
[WhiteElo "2661"]
[BlackElo "2822"]
[TimeControl "180+1"]
[EndTime "10:26:37 PDT"]
[Termination "esapunov won by resignation"]

1. c4 c5 2. Nf3 Nf6 3. Nc3 g6 4. e4 Nc6 5. d4 cxd4 6. Nxd4 Bg7 7. Be3 O-O 8. Be2 d6 9. O-O Bd7 10. Qd2 Nxd4 11. Bxd4 Bc6 12. f3 a5 13. b3 Nd7 14. Be3 Nc5 15. Rab1 e6 16. Rfd1 Be5 17.
Bf1 Qe7 18. Ne2 f5 19. exf5 Rxf5 20. Nd4 Rf7 21. Nxc6 bxc6 22. f4 Ne4 23. Qc2 Nc3 24. fxe5 Nxd1 25. Rxd1 dxe5 26. Qe4 a4 27. Qxc6 Rd8 28.
Rc1 axb3 29. axb3 Qa3 30. Qa4 Qb2 31. c5 Rdf8 32. Qc4 Kg7 33. c6 Rc8 34. b4 Rcf8 35. h3 Qa3 36. Qc3 Qa2 37. Qxe5+ Kg8 38. Bd4 Rf6 39. c7 1-0

[Event "*** Titled Tuesday Blitz"]
[Site "Chess.com"]
[Date "2020.10.27"]
[Round "3"]
[White "TioCridineno"]
[Black "BursaBBSatranc"]
[Result "0-1"]
[WhiteElo "2227"]
[BlackElo "2512"]
[TimeControl "180+1"]
[EndTime "10:26:38 PDT"]
[Termination "BursaBBSatranc won by resignation"]

1. e4 e5 2. Nc3 Nf6 3. f4 d5 4. fxe5 Nxe4 5. d3 Qh4+ 6. g3 Nxg3 7. Nf3 Qh5 8. Nxd5 Nxh1 9. Nxc7+ Kd8 10. Nxa8 Bg4 11. Bg2 Nc6 12. d4 Be7 13. Be3 Kc8 14. Qe2 Kb8 15. Bxh1 Kxa8 16. c3 Bh4+ 17. Kd2 Rd8 18.
Kc1 f6 19. exf6 Bxf6 20. Qf2 Re8 21. Bd2 Qg6 22. Ne1 Re2 23. Qg3 Rxd2 24. Kxd2 Bg5+ 0-1

[Event "*** Titled Tuesday Blitz"]
[Site "Chess.com"]
[Date "2020.10.27"]
[Round "3"]
[White "AleksibFan"]
[Black "ARTHURMOTIVATOR"]
[Result "1-0"]
[WhiteElo "2569"]
[BlackElo "2354"]
[TimeControl "180+1"]
[EndTime "10:26:39 PDT"]
[Termination "AleksibFan won on time"]

1. d4 Nf6 2. Bg5 Ne4 3. Bf4 c5 4. f3 Nf6 5. d5 d6 6. e4 g6 7. Nc3 Bg7 8. Qd2 Nbd7 9. Nge2 b5 10. Nxb5 Qb6 11. Nbc3 Ba6 12. Rb1 O-O 13. Bh6 Ne5 14. b3 Rab8 15. Bxg7 Kxg7 16. f4 Neg4 17. h3 Nh6 18. g4 Nd7 19. Bg2 c4 20. b4 e5 21. dxe6 fxe6 22. Qd4+ e5 23. Qxb6 axb6 24. f5 1-0

[Event "*** Titled Tuesday Blitz"]
[Site "Chess.com"]
[Date "2020.10.27"]
[Round "3"]
[White "Ginger_GM"]
[Black "MateusViageiro"]
[Result "1-0"]
[WhiteElo "2573"]
[BlackElo "2358"]
[TimeControl "180+1"]
[EndTime "10:26:47 PDT"]
[Termination "Ginger_GM won by checkmate"]

1. c4 Nf6 2. Nc3 e5 3. g3 d6 4. Bg2 g6 5. e4 Bg7 6. Nge2 O-O 7. O-O c5 8. f4 Nc6 9. f5 Nd4 10. d3 h6 11. Nxd4 cxd4 12. Nb5 a6 13. Na3 Bd7 14. h4 b5 15. g4 Nh7 16. Qe1 Rc8 17. Bd2 Bc6 18. Qg3 bxc4 19. Nxc4 d5 20. Nxe5 Bxe5 21.
Qxe5 Qxh4 22. exd5 Bd7 23. fxg6 fxg6 24. d6 Qxg4 25.
Bxh6 Nf6 26. Rxf6 Rfe8 27. Rf8+ Rxf8 28. Qg7# 1-0

[Event "*** Titled Tuesday Blitz"]
[Site "Chess.com"]
[Date "2020.10.27"]
[Round "3"]
[White "FMOlexandrProhorov"]
[Black "kreonx"]
[Result "1-0"]
[WhiteElo "2120"]
[BlackElo "2339"]
[TimeControl "180+1"]
[EndTime "10:26:48 PDT"]
[Termination "FMOlexandrProhorov won on time"]

1. e4 c5 2. c3 Nc6 3. d4 cxd4 4. cxd4 d5 5. Nc3 Nf6 6. exd5 Nxd5 7. Nf3 Bg4 8. Bc4 Nb6 9. Bxf7+ Kxf7 10. Ng5+ Ke8 11. Qxg4 Qxd4 12. Bf4 Rd8 13. O-O Ne5 14. Qf5 Nbc4 15.
Rad1 g6 16. Rxd4 gxf5 17. Rxd8+ Kxd8 18. Bxe5 Nxe5 19. f4 Bh6 20. Ne6+ Kd7 21. Nd4 Ng6 22. Nxf5 Bxf4 23. Rd1+ Kc6 24. b4 Rf8 25. g4 Ne5 26.
h3 e6 27. Nd4+ 1-0

[Event "*** Titled Tuesday Blitz"]
[Site "Chess.com"]
[Date "2020.10.27"]
[Round "3"]
[White "Rakesh"]
[Black "SantoBlue"]
[Result "0-1"]
[WhiteElo "2456"]
[BlackElo "2832"]
[TimeControl "180+1"]
[EndTime "10:26:49 PDT"]
[Termination "SantoBlue won by resignation"]

1. e4 c5 2. c3 Nf6 3. e5 Nd5 4.
d4 cxd4 5. Nf3 e6 6. cxd4 Nc6 7. Bc4 Nb6 8. Bd3 d6 9. O-O dxe5 10. dxe5 Be7 11.
Qe2 Nd5 12. Nc3 Nxc3 13. bxc3 Qa5 14. Bd2 Bd7 15. Qe4 Qc7 16. Rfe1 Bc5 17. Nd4 Nxd4 18. cxd4 Bc6 19. Qg4 h5 20. Qf4 O-O-O 21. dxc5 Rxd3 22. Be3 Rhd8 23. h4 Qd7 24. Rab1 Qd5 25. Qg5 g6 26. a4 a5 27. Rbc1 Rd7 28. Qg3 Qe4 29. f3 Rxe3 30. Qf2 Rxe1+ 31. Rxe1 Qxa4 32. Qe3 Qd4 33. Kf2 Qxh4+ 34. Kg1 Qd4 0-1

[Event "*** Titled Tuesday Blitz"]
[Site "Chess.com"]
[Date "2020.10.27"]
[Round "3"]
[White "A-Fier"]
[Black "venus02"]
[Result "1/2-1/2"]
[WhiteElo "2767"]
[BlackElo "2507"]
[TimeControl "180+1"]
[EndTime "10:26:50 PDT"]
[Termination "Game drawn by repetition"]

1. d4 Nf6 2. Bg5 c5 3. Bxf6 gxf6 4. d5 f5 5. c4 Bg7 6. Nc3 d6 7. e3 Qa5 8. Qc2 b5 9. cxb5 a6 10. b6 Nd7 11. Bd3 Nxb6 12. Ne2 Nxd5 13. O-O Nxc3 14. bxc3 e6 15. Rad1 O-O 16. e4 fxe4 17. Bxe4 d5 18. Bxh7+ Kh8 19. Rd3 e5 20. Rxd5 Be6 21. Be4 Bxd5 22.
Bxd5 Rad8 23. Qe4 Qb6 24. c4 Qg6 25. Qh4+ Qh6 26. Qg3 f5 27. Qa3 Qb6 28. Ng3 e4 29. f3 Bd4+ 30. Kh1 e3 31. Qd3 Qf6 32. f4 Rb8 33. Ne2 Rb2 34. Rf3 Rd2 35. Rh3+ Kg7 36. Rg3+ Kh8 37. Rh3+ Kg7 38. Rg3+ Kh8 39. Rh3+ 1/2-1/2

[Event "*** Titled Tuesday Blitz"]
[Site "Chess.com"]
[Date "2020.10.27"]
[Round "3"]
[White "wonderfultime"]
[Black "BigAl"]
[Result "1-0"]
[WhiteElo "2939"]
[BlackElo "2471"]
[TimeControl "180+1"]
[EndTime "10:26:50 PDT"]
[Termination "wonderfultime won by resignation"]

1. d4 Nf6 2. Nf3 g6 3. Bg5 Bg7 4. Nbd2 O-O 5. c3 d6 6. e4 c5 7. dxc5 dxc5 8. Bc4 Nc6 9. Qe2 h6 10. Bxf6 exf6 11. O-O Qc7 12. Nh4 Kh7 13. f4 Re8 14. Rae1 f5 15. Qf2 fxe4 16. Nxe4 Na5 17. Bd5 Rd8 18. f5 gxf5 19. Nxf5 Rxd5 20. Nxg7 Kxg7 21.
Qf6+ Kh7 22. Qh4 Rf5 23. Nf6+ Kg6 24. Rxf5 Bxf5 25. Nd5 Qd7 26. Qf6+ Kh7 27. Re7 Qxe7 28. Qxf5+ 1-0

[Event "*** Titled Tuesday Blitz"]
[Site "Chess.com"]
[Date "2020.10.27"]
[Round "3"]
[White "PlotnikovPavel"]
[Black "WhiteKnight2612"]
[Result "0-1"]
[WhiteElo "2369"]
[BlackElo "2582"]
[TimeControl "180+1"]
[EndTime "10:26:50 PDT"]
[Termination "WhiteKnight2612 won on time"]

1. e4 e5 2. Nf3 Nc6 3. Bc4 Bc5 4. d3 Nf6 5. c3 a6 6. a4 d6 7. h3 O-O 8. b4 Ba7 9. O-O Ne7 10. Be3 Ng6 11. Bb3 h6 12. Bc2 c6 13. Nbd2 Bb8 14. Nc4 Bc7 15. a5 Be6 16. Nb6 Rb8 17. Re1 Qe7 18. Kh2 Nd7 19. Na4 f5 20. Qe2 Kh8 21.
exf5 Bxf5 22. Kh1 Qf7 23. Ng1 d5 24. Nc5 Nxc5 25. Bxc5 Nf4 26. Qf3 Rfe8 27. Rad1 Bg6 28. Be3 e4 29. dxe4 dxe4 30. Qg4 Bh5 31. Qg3 Nd3 32.
Qh4 g5 33. Bd4+ Kg8 34. Bb3 gxh4 35. Bxf7+ Bxf7 0-1